 Dungeon Crawl Stone Soup version 0.23.2-40-g277498a001 (webtiles) character file.

Game seed: 10177428829995073652

3883 FishyPogo the Martial Artist (level 10, 0/76 HPs)
             Began as a Gnoll Transmuter on Sept 1, 2019.
             Was a Believer of Ashenzari.
             Slain by Erica
             ... wielding a +3 scimitar of flaming
              (6 damage)
             ... on level 9 of the Dungeon.
             The game lasted 00:34:17 (8334 turns).

FishyPogo the Martial Artist (Gnoll Transmuter)     Turns: 8334, Time: 00:34:18

Health: 0/76       AC:  2    Str: 13    XL:     10   Next: 19%
Magic:  17/20      EV: 26    Int: 19    God:    Ashenzari [**....]
Gold:   374        SH:  0    Dex: 20    Spells: 6/23 levels left

rFire    . . .     SeeInvis .     - Unarmed
rCold    . . .     Gourm    .   (shield currently unavailable)
rNeg     . . .     Faith    .   (armour currently unavailable)
rPois    x         Spirit   .   (helmet currently unavailable)
rElec    .         Reflect  .   (cloak currently unavailable)
rCorr    .         Harm     .   (gloves currently unavailable)
MR       +....                  (boots currently unavailable)
Stlth    ++++......             A - amulet of magic regeneration
HPRegen  0.22/turn              M - ring of stealth
MPRegen  0.42/turn              D - ring of protection from magic

@: spider-form, hasted, very quick
A: tiny, distributed training, strong nose
a: End Transformation, Curse Item, Scrying, Renounce Religion


You were on level 9 of the Dungeon.
You worshipped Ashenzari.
Ashenzari was pleased with you.
You were not hungry.
You were a venomous arachnid creature.
You visited 1 branch of the dungeon, and saw 9 of its levels.

You collected 374 gold pieces.

Inventory:

Hand Weapons
 a - a +3 falchion (melded)
Missiles
 e - 161 stones (quivered)
 p - 6 javelins
 r - 78 arrows
 B - 18 sling bullets
 F - 19 bolts
 G - 5 curare-tipped needles
 J - 2 tomahawks
 O - 15 poisoned needles
Armour
 b - a +0 robe
 f - a +0 helmet (melded)
 k - a +0 cloak (melded)
 u - a cursed +0 leather armour (melded)
Jewellery
 q - an uncursed ring of ice
 A - an amulet of magic regeneration (around neck)
 C - an uncursed ring of see invisible
 D - a ring of protection from magic (right front leg)
 M - a ring of stealth (left front leg)
Wands
 w - a wand of polymorph (1)
 K - a wand of flame (30)
 N - a wand of iceblast (3)
Scrolls
 c - a scroll of fear {unknown}
 h - 7 scrolls of identify {unknown}
 l - a scroll of enchant armour {unknown}
 m - 3 scrolls of teleportation
 s - 2 scrolls of immolation
 t - 3 scrolls of remove curse
 v - a scroll of magic mapping {unknown}
 x - a scroll of random uselessness {unknown}
 y - 2 scrolls of fog {unknown}
 z - 3 scrolls of amnesia {unknown}
 I - a scroll of enchant weapon {unknown}
Potions
 g - 2 potions of degeneration {unknown}
 i - 2 potions of curing
 j - 3 potions of cancellation
 n - a potion of heal wounds
 o - a potion of berserk rage {unknown}
 E - 3 potions of might
 H - a potion of lignification {unknown}
 Q - a potion of flight {unknown}
Comestibles
 d - 17 rations
 P - 4 chunks of flesh


   Skills:
 + Level 5.6 Fighting
 + Level 4.9 Short Blades
 + Level 4.9 Long Blades
 + Level 4.9 Axes
 + Level 4.9 Maces & Flails
 + Level 4.9 Polearms
 + Level 4.9 Staves
 + Level 4.9 Slings
 + Level 4.9 Bows
 + Level 4.9 Crossbows
 + Level 4.9 Throwing
 + Level 4.9 Armour
 + Level 6.8 Dodging
 + Level 4.9 Stealth
 + Level 4.9 Shields
 + Level 8.3 Unarmed Combat
 + Level 7.1 Spellcasting
 + Level 4.1 Conjurations
 + Level 4.1 Hexes
 + Level 4.1 Charms
 + Level 4.1 Summonings
 + Level 4.1 Necromancy
 + Level 4.1 Translocations
 + Level 5.6 Transmutations
 + Level 4.1 Fire Magic
 + Level 4.1 Ice Magic
 + Level 4.1 Air Magic
 + Level 4.1 Earth Magic
 + Level 4.1 Poison Magic
 + Level 5.4 Invocations
 + Level 4.9 Evocations


You had 6 spell levels left.
You knew the following spells:

 Your Spells              Type           Power        Failure   Level  Hunger
a - Olgreb's Toxic Radia  Pois           ###.....     38%         4    ###....
d - Beastly Appendage     Tmut           ####..       5%          1    None
e - Spider Form           Tmut/Pois      ####......   13%         3    #......
f - Sticks to Snakes      Tmut           ####....     7%          2    None
g - Ice Form              Ice/Tmut       ####....     30%         4    ###....
h - Mephitic Cloud        Conj/Pois/Air  ###.....     16%         3    #......

Your spell library contained the following spells:

 Spells                   Type           Power        Failure   Level  Hunger
 Sting                    Conj/Pois      ###.         8%          1    None
 Ensorcelled Hibernation  Hex/Ice        ###...       10%         2    None
 Poisonous Vapours        Pois/Air       ###...       10%         2    None
 Blade Hands              Tmut           ####......   47%         5    #####..
 Borgnjor's Vile Clutch   Necr/Erth      ###.......   67%         5    #####..
 Silence                  Hex/Air        ###.......   67%         5    #####..
 Venom Bolt               Conj/Pois      ###.......   67%         5    #####..
 Darkness                 Hex            ###.......   99%         6    ######.
 Shadow Creatures         Summ           N/A          99%         6    ######.


Dungeon Overview and Level Annotations

Branches:
Dungeon (9/15)             Temple (0/1) D:7
   Lair: D:8-11         Orc: D:9-12

Altars:
Ashenzari
Dithmenos
Gozag
Hepliaklqana
Okawaru
Qazlal
Sif Muna
Trog
Xom
Yredelemnul

Annotations:
D:7 1 runed translucent door, BinkBink's ghost, novice DsGl
D:9 Erica


Innate Abilities, Weirdness & Mutations

Your experience applies equally to all skills.
((You have very sharp teeth.))
Your uncanny sense of smell can sniff out nearby items.


Message History

A bolt of poison appears from out of thin air!
The bolt of poison hits you!!
You are poisoned.
The bolt of poison misses your ball python.
You closely miss something.
You feel sick. Something hits you!
* * * LOW HITPOINT WARNING * * *
Something burns you.
* * * LOW HITPOINT WARNING * * *
You feel better.
Your ball python withers and dies!
You closely miss something. Something hits you.
* * * LOW HITPOINT WARNING * * *
Something burns you.
* * * LOW HITPOINT WARNING * * *
It was a potion of haste.
You feel yourself speed up.
Your ball python withers and dies!
Something hits you!
* * * LOW HITPOINT WARNING * * *
Something burns you.
You die...

#.........# ## *
#.........####### ** #..
#................ ,
....#####................
,
.........................
#......<.................
*....##'#####............
, .,,
+..S...#............ *
#..s...#............ ,
,#..{...#............ ,
########.####'#..### , ,
........#....#..# , , ∆ ,
........####.#..#.. , ,
,...........#.####.. , ,
,, , ,.########..#.......
, +......#..#.......
####......#..#.......


You could see a friendly ball python.

Vanquished Creatures
  A two-headed ogre (D:7)
  A troll (D:9)
  A hippogriff (D:7)
  Sigmund (D:3)
  A human (D:6)
  A steam dragon (D:8)
  An ice beast (D:7)
  An orc warrior (D:9)
  2 black bears
  A phantom (D:6)
  4 ogres
  2 centaurs
  2 bullfrogs (D:8)
  3 killer bees (D:8)
  5 wights (D:4)
  A howler monkey (D:5)
  3 crimson imps
  A centaur skeleton (D:7)
  2 jellies (D:5)
  3 orc priests
  2 hounds
  4 orc wizards
  2 iguanas
  8 worker ants
  A hound skeleton (D:5)
  A howler monkey zombie (D:5)
  A gnoll (D:1)
  12 adders
  4 shadow imps
  An ooze (D:2)
  2 adder skeletons (D:4)
  3 worms
  2 dart slugs (D:1)
  8 leopard geckos
  19 orcs
  7 bats
  A giant cockroach (D:5)
  5 hobgoblins
  8 jackals
  3 quokkas
  A ball python (D:3)
  7 frilled lizards
  2 goblins (D:3)
  2 jackal skeletons
  6 kobolds
  5 rats
154 creatures vanquished.

Vanquished Creatures (collateral kills)
  A worker ant (D:6)
  A kobold (D:3)
2 creatures vanquished.

Grand Total: 156 creatures vanquished

Notes
Turn   | Place    | Note
-------+----------+-------------------------------------------
     0 | D:1      | FishyPogo the Gnoll Transmuter began the quest for the Orb.
     0 | D:1      | Reached XP level 1. HP: 17/17 MP: 6/6
   299 | D:1      | Reached XP level 2. HP: 23/23 MP: 7/7
   507 | D:1      | Reached XP level 3. HP: 15/28 MP: 7/9
   512 | D:1      | Learned a level 3 spell: Spider Form
   669 | D:2      | Reached skill level 5 in Spellcasting
   840 | D:2      | Reached skill level 1 in Invocations
   959 | D:2      | Reached skill level 1 in Short Blades
   959 | D:2      | Reached skill level 1 in Long Blades
   959 | D:2      | Reached skill level 1 in Axes
   959 | D:2      | Reached skill level 1 in Maces & Flails
   959 | D:2      | Reached skill level 1 in Polearms
   959 | D:2      | Reached skill level 1 in Staves
   959 | D:2      | Reached skill level 1 in Slings
   959 | D:2      | Reached skill level 1 in Bows
   959 | D:2      | Reached skill level 1 in Crossbows
   959 | D:2      | Reached skill level 1 in Throwing
   959 | D:2      | Reached skill level 1 in Armour
   959 | D:2      | Reached skill level 1 in Stealth
   959 | D:2      | Reached skill level 1 in Shields
   959 | D:2      | Reached skill level 1 in Evocations
  1341 | D:3      | Found a shattered altar of Ashenzari.
  1347 | D:3      | Reached XP level 4. HP: 34/34 MP: 11/11
  1360 | D:3      | Became a worshipper of Ashenzari the Shackled
  1387 | D:3      | Learned a level 2 spell: Sticks to Snakes
  1626 | D:3      | Reached skill level 1 in Conjurations
  1626 | D:3      | Reached skill level 1 in Hexes
  1626 | D:3      | Reached skill level 1 in Charms
  1626 | D:3      | Reached skill level 1 in Summonings
  1626 | D:3      | Reached skill level 1 in Necromancy
  1626 | D:3      | Reached skill level 1 in Translocations
  1626 | D:3      | Reached skill level 1 in Fire Magic
  1626 | D:3      | Reached skill level 1 in Ice Magic
  1626 | D:3      | Reached skill level 1 in Air Magic
  1626 | D:3      | Reached skill level 1 in Earth Magic
  1626 | D:3      | Reached skill level 1 in Poison Magic
  1773 | D:3      | Reached XP level 5. HP: 40/40 MP: 5/12
  1795 | D:3      | Noticed Sigmund
  1928 | D:3      | Killed Sigmund
  1928 | D:3      | Reached XP level 6. HP: 26/47 MP: 10/14
  1967 | D:3      | Found an iron altar of Okawaru.
  2346 | D:4      | Reached skill level 5 in Dodging
  2372 | D:4      | Reached * piety under Ashenzari
  2464 | D:4      | Reached XP level 7. HP: 42/52 MP: 15/15
  2508 | D:4      | Reached skill level 7 in Unarmed Combat
  3267 | D:5      | Entered Level 5 of the Dungeon
  3772 | D:5      | Reached XP level 8. HP: 59/60 MP: 16/16
  4390 | D:5      | Found a deep blue altar of Sif Muna.
  4712 | D:6      | Reached ** piety under Ashenzari
  4830 | D:6      | Found a runed translucent door.
  4834 | D:6      | Found a basalt altar of Yredelemnul.
  5448 | D:7      | Reached XP level 9. HP: 35/66 MP: 18/18
  5483 | D:7      | Found a shadowy altar of Dithmenos.
  5526 | D:7      | Found a runed translucent door.
  5526 | D:7      | Noticed BinkBink's ghost (novice DsGl)
  5561 | D:7      | Reached skill level 5 in Transmutations
  5568 | D:7      | Learned a level 4 spell: Ice Form
  6043 | D:7      | Found a hazy altar of Hepliaklqana.
  6202 | D:7      | Found a staircase to the Ecumenical Temple.
  6360 | D:7      | Learned a level 3 spell: Mephitic Cloud
  6542 | D:8      | Reached skill level 5 in Fighting
  6566 | D:8      | Noticed a two-headed ogre
  6578 | D:7      | Killed a two-headed ogre
  6578 | D:7      | Reached skill level 8 in Unarmed Combat
  6578 | D:7      | Reached skill level 5 in Invocations
  7046 | D:8      | Found a shimmering altar of Xom.
  7108 | D:8      | Learned a level 4 spell: Olgreb's Toxic Radiance
  7112 | D:8      | Found a bloodstained altar of Trog.
  7115 | D:8      | Found an opulent altar of Gozag.
  7118 | D:8      | Found a stormy altar of Qazlal.
  7291 | D:8      | Reached XP level 10. HP: 74/74 MP: 20/20
  8299 | D:9      | Noticed Erica
  8334 | D:9      | Slain by Erica

Skill      XL: |  1  2  3  4  5  6  7  8  9 10 |
---------------+-------------------------------+-----
Spellcasting   | 5 6 7 |  7.1
Invocations    | 1 2 3 4 5 |  5.4
Short Blades   | 1 2 3 4 |  4.9
Long Blades    | 1 2 3 4 |  4.9
Axes           | 1 2 3 4 |  4.9
Maces & Flails | 1 2 3 4 |  4.9
Polearms       | 1 2 3 4 |  4.9
Staves         | 1 2 3 4 |  4.9
Slings         | 1 2 3 4 |  4.9
Bows           | 1 2 3 4 |  4.9
Crossbows      | 1 2 3 4 |  4.9
Throwing       | 1 2 3 4 |  4.9
Armour         | 1 2 3 4 |  4.9
Stealth        | 1 2 3 4 |  4.9
Shields        | 1 2 3 4 |  4.9
Evocations     | 1 2 3 4 |  4.9
Conjurations   | 1 2 3 4 |  4.1
Hexes          | 1 2 3 4 |  4.1
Charms         | 1 2 3 4 |  4.1
Summonings     | 1 2 3 4 |  4.1
Necromancy     | 1 2 3 4 |  4.1
Translocations | 1 2 3 4 |  4.1
Fire Magic     | 1 2 3 4 |  4.1
Ice Magic      | 1 2 3 4 |  4.1
Air Magic      | 1 2 3 4 |  4.1
Earth Magic    | 1 2 3 4 |  4.1
Poison Magic   | 1 2 3 4 |  4.1
Fighting       | 3 4 5 |  5.6
Transmutations | 4 5 |  5.6
Dodging        | 5 6 |  6.8
Unarmed Combat | 7 8 |  8.3

Action                   |  1- 3 |  4- 6 |  7- 9 | 10-12 || total
-------------------------+-------+-------+-------+-------++-------
Melee: Unarmed           |    61 |    71 |    82 |    34 ||   248
       Kick              |     5 |       |    21 |       ||    26
       Bite              |     4 |     4 |    25 |     5 ||    38
       Short sword       |    10 |    57 |       |       ||    67
       Punch             |       |     5 |     9 |     1 ||    15
       Falchion          |       |       |   193 |    25 ||   218
       War axe           |       |       |    13 |       ||    13
Throw: Stone             |     7 |     9 |    63 |     4 ||    83
       Javelin           |       |       |    13 |       ||    13
 Cast: Beastly Appendage |     5 |       |    14 |       ||    19
       Spider Form       |       |     6 |    10 |     3 ||    19
       Sticks to Snakes  |       |     1 |     1 |     7 ||     9
       Ice Form          |       |       |     3 |       ||     3
 Abil: End Transformatio |       |       |     2 |       ||     2
  Use: Scroll            |     2 |       |       |       ||     2
       Potion            |       |     1 |       |     7 ||     8
 Stab: Sleeping          |     3 |     2 |     7 |       ||    12
       Confused          |       |     1 |       |       ||     1
  Eat: Chunk             |       |     5 |    17 |     3 ||    25
Armor: Robe              |    12 |     7 |     1 |       ||    20
       Skin              |       |     1 |     6 |       ||     7
       Leather armour    |       |       |    29 |    10 ||    39
Dodge: Dodged            |    43 |    75 |   232 |    59 ||   409
       Rpst.: Falchion   |       |       |    55 |     4 ||    59
